 Dungeon Sprint DCSS version 0.26-a0-665-gefeb406119 (webtiles) character file.

Game seed: 8118438584668823055

2500000 olmar the Formicid Barricade (level 25, -6/234 HPs)
             Began as a Formicid Fighter on Oct 14, 2020.
             Was the Champion of Makhleb.
             Mangled by a large bag of meat
             ... wielding a +9 giant spiked club
              (133 damage)
             ... in the Dungeon (Sprint VIII: "Arena of Blood").
             The game lasted 00:00:53 (25 turns).

olmar the Formicid Barricade (Formicid Fighter)       Turns: 25, Time: 00:00:54

Health: -6/234     AC: 13    Str: 24    XL:     25   Next: 15%
Magic:  21/54      EV: 30    Int: 10    God:    Makhleb [******]
Gold:   0          SH: 19    Dex: 17    Spells: 78/78 levels left

rFire    . . .     SeeInvis +   h - +∞ Axe of Woe
rCold    . . .     Faith    .   c - +0 kite shield
rNeg     . . .     Spirit   .   b - +0 scale mail
rPois    .         Reflect  .   (helmet unavailable)
rElec    .         Harm     .   (no cloak)
rCorr    .         Rampage  .   (no gloves)
MR       ++...                  (no boots)
Stlth    ++++++++..             (no amulet)
HPRegen  0.49/turn              (no ring)
MPRegen  0.34/turn              (no ring)

@: no status effects
A: permanent stasis, dig shafts and tunnels, four strong arms, antennae 3
a: Dig, Minor Destruction, Lesser Servant of Makhleb, Major Destruction, Greater
Servant of Makhleb, Renounce Religion


You were in the Dungeon.
You worshipped Makhleb.
Makhleb was exalted by your worship.
You visited 1 branch

Inventory:

Hand Weapons
 a - a +0 war axe
 h - the +∞ Axe of Woe (weapon)
   (You found it in the Dungeon)
Armour
 b - a +0 scale mail (worn)
 c - a +0 kite shield (worn)
Potions
 d - a potion of might
 e - a potion of curing
 f - a potion of heal wounds
 g - 2 potions of magic


   Skills:
 O Level 27 Fighting
 O Level 27 Axes
 O Level 27 Throwing
 O Level 27 Armour
 O Level 27 Dodging
 O Level 27 Stealth
 O Level 27 Shields
 O Level 27 Unarmed Combat
 O Level 27 Spellcasting
 O Level 27 Invocations


You had 78 spell levels left.
You didn't know any spells.
Your spell library was empty.

Dungeon Overview and Level Annotations

Branches:
Dungeon (1/1)

Altars:
Makhleb


Innate Abilities, Weirdness & Mutations

You cannot be hasted, slowed, berserked, paralysed or teleported.
You can dig through walls and to a lower floor.
Your four strong arms can wield two-handed weapons with a shield.
You have a pair of large antennae on your head. (SInv)


Message History

You hit the bag of meat.
You butcher the bag of meat messily.
You kill the bag of meat!
Makhleb accepts your kill.
You have reached level 25!
You hear a shout! x5
A bag of meat comes into view. It is wielding a +9 war axe.
You hear a shout! x4
Unknown command. 2 orcs come into view.
You hear a shout! x7
The bag of meat hits you but does no damage.
A bag of meat comes into view. It is wielding a +9 war axe.
You block the bag of meat's attack.
The bag of meat hits you with a +9 war axe!!
You hear a shout! x2
The meat berserker hits you with a +9 battleaxe!!!!
You hear a shout!
The large bag of meat hits you with a +9 giant spiked club!!!!
Ouch! That really hurt!
You die...

..###.............###
..._...................
#.....#.......#.#.......
#_.<._#.)).....o........
#.....#.).)..#.#.#...o..
..._....))))......O.....
..###........)#o#.#..#
.......###...oooo...#...
.......#....)ooo@....#
.......#.....oOoOOo.#...
............o...ooO.....
.........#...#.ooo..##
......#....#....o##
....##.....#.....# ..#
.....#....##o
..###....#. o.


You could see 2 large bags of meat, 3 meat berserkers and 21 bags of meat.

Vanquished Creatures
  A vampire knight (D)
  11 ogres (D)
  19 orcs (D)
31 creatures vanquished.

Notes
Turn   | Place    | Note
-------+----------+-------------------------------------------
     0 | D        | Found the +∞ Axe of Woe
     0 | D        | olmar the Formicid Fighter began the quest for the Orb.
     0 | D        | Reached XP level 1. HP: 18/18 MP: 1/1
     1 | D        | Noticed a bag of meat
     1 | D        | Noticed a bag of meat
     2 | D        | Noticed a bag of meat
     3 | D        | Became a worshipper of Makhleb the Destroyer
     3 | D        | Noticed a bag of meat
     5 | D        | Noticed a bag of meat
     5 | D        | Noticed a bag of meat
     6 | D        | Noticed a bag of meat
     6 | D        | Noticed a bag of meat
     8 | D        | Noticed a meat berserker
     8 | D        | Noticed a meat berserker
     8 | D        | Noticed a bag of meat
     8 | D        | Noticed a meat berserker
     8 | D        | Noticed a bag of meat
     9 | D        | Noticed a bag of meat
    10 | D        | Killed a bag of meat
    10 | D        | Reached XP level 2. HP: 47/47 MP: 2/2
    10 | D        | Reached XP level 3. HP: 53/53 MP: 3/3
    10 | D        | Reached XP level 4. HP: 60/60 MP: 4/4
    10 | D        | Reached XP level 5. HP: 67/67 MP: 5/5
    10 | D        | Reached XP level 6. HP: 74/74 MP: 6/6
    10 | D        | Reached XP level 7. HP: 80/80 MP: 7/7
    10 | D        | Reached XP level 8. HP: 87/87 MP: 8/8
    10 | D        | Reached XP level 9. HP: 93/93 MP: 9/9
    10 | D        | Reached XP level 10. HP: 101/101 MP: 10/10
    10 | D        | Reached XP level 11. HP: 107/107 MP: 11/11
    10 | D        | Reached XP level 12. HP: 114/114 MP: 12/12
    10 | D        | Killed a bag of meat
    10 | D        | Reached * piety under Makhleb
    10 | D        | Reached XP level 13. HP: 126/126 MP: 13/13
    10 | D        | Noticed a bag of meat
    10 | D        | Noticed a meat berserker
    10 | D        | Noticed a bag of meat
    11 | D        | Killed a meat berserker
    11 | D        | Reached XP level 14. HP: 76/140 MP: 14/14
    11 | D        | Reached XP level 15. HP: 79/146 MP: 15/15
    11 | D        | Killed a meat berserker
    11 | D        | Reached XP level 16. HP: 159/159 MP: 16/16
    11 | D        | Reached ** piety under Makhleb
    11 | D        | Reached skill level 27 in Shields
    11 | D        | Reached skill level 27 in Fighting
    11 | D        | Reached skill level 27 in Armour
    11 | D        | Reached XP level 17. HP: 174/174 MP: 17/17
    11 | D        | Noticed a meat berserker
    11 | D        | Noticed a meat berserker
    12 | D        | Killed a meat berserker
    12 | D        | Reached *** piety under Makhleb
    12 | D        | Reached XP level 18. HP: 106/182 MP: 18/18
    12 | D        | Reached skill level 27 in Axes
    13 | D        | Noticed a meat berserker
    14 | D        | Reached **** piety under Makhleb
    14 | D        | Reached skill level 10 in Dodging
    14 | D        | Reached XP level 19. HP: 189/189 MP: 18/34
    14 | D        | Killed a meat berserker
    14 | D        | Reached skill level 15 in Invocations
    14 | D        | Noticed a meat berserker
    15 | D        | Noticed a meat berserker
    16 | D        | Noticed a meat berserker
    16 | D        | Noticed a large bag of meat
    16 | D        | Noticed a destroyer
    17 | D        | Noticed a meat berserker
    17 | D        | Noticed a large bag of meat
    18 | D        | Killed a meat berserker
    18 | D        | Reached skill level 15 in Throwing
    18 | D        | Reached skill level 15 in Unarmed Combat
    18 | D        | Reached skill level 15 in Spellcasting
    18 | D        | Reached XP level 20. HP: 181/197 MP: 19/39
    18 | D        | Reached ***** piety under Makhleb
    18 | D        | Reached skill level 15 in Dodging
    19 | D        | Reached XP level 21. HP: 204/204 MP: 19/42
    19 | D        | Killed a meat berserker
    20 | D        | Noticed a meat berserker
    21 | D        | Noticed a meat berserker
    21 | D        | Killed a meat berserker
    21 | D        | Reached XP level 22. HP: 212/212 MP: 20/47
    21 | D        | Killed a meat berserker
    21 | D        | Reached skill level 27 in Stealth
    21 | D        | Killed a meat berserker
    22 | D        | Reached ****** piety under Makhleb
    22 | D        | Reached skill level 27 in Invocations
    22 | D        | Reached XP level 23. HP: 219/219 MP: 20/51
    22 | D        | Killed a destroyer
    22 | D        | Reached skill level 27 in Throwing
    22 | D        | Reached skill level 27 in Unarmed Combat
    22 | D        | Reached skill level 27 in Spellcasting
    24 | D        | Reached skill level 27 in Dodging
    24 | D        | Reached XP level 24. HP: 227/227 MP: 20/54
    24 | D        | Reached XP level 25. HP: 234/234 MP: 20/54
    25 | D        | Mangled by a large bag of meat

Illustrated notes

Levels and vault maps discovered:
D:        meatsprint

Skill      XL: |  1  2  3  4  5  6  7  8  9 10 11 12 13 14 15 16 17 18 19 20 21 22 23 |
---------------+----------------------------------------------------------------------+-----
Fighting       | 17 19 22 24 27 | 27.0
Axes           | 9 11 14 16 19 25 27 | 27.0
Armour         | 17 19 22 24 27 | 27.0
Shields        | 18 20 23 25 27 | 27.0
Throwing       | 11 15 18 21 24 27 | 27.0
Dodging        | 10 14 17 20 23 27 | 27.0
Stealth        | 14 19 22 26 27 | 27.0
Unarmed Combat | 11 15 18 21 24 27 | 27.0
Spellcasting   | 11 15 17 21 24 27 | 27.0
Invocations    | 12 18 20 24 27 | 27.0

Action                   |  1- 3 |  4- 6 |  7- 9 | 10-12 | 13-15 | 16-18 | 19-21 | 22-24 | 25-27 || total
-------------------------+-------+-------+-------+-------+-------+-------+-------+-------+-------++-------
Melee: Executioner's axe |     1 |       |       |       |     1 |     2 |     3 |     2 |       ||     9
Armor: Scale mail        |       |       |       |       |       |       |       |       |     1 ||     1
Dodge: Dodged            |       |       |       |       |       |       |       |     1 |       ||     1
Block: Kite shield       |       |       |       |       |     1 |       |     1 |     1 |     1 ||     4

Table legend: (Time is in decaauts)
 A = Elapsed time spent in this place.
 B = Non-inter-level travel time spent in this place.
 C = Inter-level travel time spent in this place.
 D = Time resting spent in this place.
 E = Time spent auto-exploring this place.
 F = Levels seen in this place.
 G = Mean time per level.
                   A        B        C        D        E       F      G
               +--------+--------+--------+--------+--------+-----+--------+
         Total |     24 |     24 |      0 |      0 |      0 |   1 |   24.0 |
       Dungeon |     24 |     24 |      0 |      0 |      0 |   1 |   24.0 |
               +--------+--------+--------+--------+--------+-----+--------+

Top non-repeatable levels by time:
       D: 24 daAuts
